Map: Mech Depot LE

Players

Pain

  • Race: Protoss Protoss
  • Spawn Location: 1:00

A.I. 1 (Medium) - Winner!

  • Race: Protoss Protoss
  • Spawn Location: 7:00

VOD

Have the link to the VOD?

Description

Time

  • Played on: Sept. 10, 2017, 6:02 p.m.
  • Length: 22:25
Show
View Real Time Build Order
Export as new Build Order

Pain Protoss 

Build Orders:  

Get SALT Encoding   

  12  0:18  Probe (Chrono Boost)  
  13  0:27  Pylon  
  13  0:29  Probe (Chrono Boost)  
  14  0:37  Pylon  
  14  0:39  Probe (Chrono Boost)  
  16  0:50  Probe (Chrono Boost), Gateway  
  16  1:11  Assimilator  
  16  1:19  Pylon  
  16  1:20  Probe (Chrono Boost)  
  17  1:31  Probe (Chrono Boost)  
  18  1:35  Forge  
  18  1:46  Gateway  
  20  1:47  Zealot  
  19  2:39  Photon Cannon  
  19  2:46  Cybernetics Core  
  19  2:49  Probe (Chrono Boost)  
  20  2:55  Zealot  
  22  2:59  Probe (Chrono Boost)  
  23  3:07  Assimilator  
  23  3:10  Photon Cannon  
  23  3:15  Pylon  
  23  3:21  Zealot  
  23  3:22  Zealot  
  23  3:25  Warp Gate (Chrono Boost)  
  27  3:30  Protoss Ground Weapons Level 1  
  27  3:51  Pylon  
  27  4:04  Twilight Council  
  27  4:11  Probe  
  28  4:23  Probe  
  29  4:31  Pylon  
  29  4:51  Robotics Facility  
  29  4:56  Pylon  
  29  5:24  Protoss Ground Armor Level 1  
  29  5:25  Probe  
  30  5:29  Nexus  
  30  5:39  Pylon  
  30  5:42  Stalker  
  32  5:52  Stalker  
  30  6:23  Stalker  
  30  6:24  Stalker  
  25  6:42  Probe  
  26  6:52  Probe  
  27  7:03  Probe  
  28  7:13  Mothership Core  
  28  7:14  Pylon  
  30  7:19  Assimilator  
  30  7:24  Pylon  
  30  7:31  Gateway  
  30  7:46  Probe, Photon Cannon  
  31  7:53  Protoss Shields Level 1  
  31  7:56  Probe  
  32  8:03  Stalker  
  34  8:07  Probe  
  34  8:09  Stalker  
  37  8:17  Probe  
  38  8:28  Probe  
  39  8:38  Probe  
  40  8:45  Stargate  
  40  8:49  Probe  
  41  8:56  Protoss Air Weapons Level 1 (Chrono Boost)  
  41  8:57  Warp Prism  
  43  9:24  Stalker  
  43  9:26  Stalker x2, Pylon  
  49  9:47  Protoss Ground Weapons Level 2  
  49  9:59  Photon Cannon  
  49  10:11  Gateway  
  49  10:35  Protoss Air Armor Level 1 (Chrono Boost)  
  39  11:05  Stalker  
  39  11:06  Stalker x2  
  43  11:28  Stalker  
  43  11:30  Stalker  
  43  11:31  Stalker  
  49  11:39  Void Ray  
  53  12:02  Protoss Ground Armor Level 2, Photon Cannon  
  53  12:10  Stalker x2  
  53  12:11  Stalker x2  
  61  12:22  Void Ray  
  65  12:35  Stalker  
  67  13:04  Void Ray (Chrono Boost)  
  71  13:22  Stalker x2  
  71  13:23  Stalker  
  71  13:25  Stalker  
  79  13:47  Void Ray (Chrono Boost)  
  83  13:49  Stalker x2  
  83  13:50  Stalker x2  
  91  14:07  Gateway  
  91  14:09  Gateway  
  95  14:24  Void Ray (Chrono Boost)  
  95  14:25  Stalker  
  95  14:26  Stalker x2  
  95  14:27  Stalker  
  101  15:01  Phoenix (Chrono Boost)  
  97  15:10  Stalker  
  97  15:12  Stalker x2  
  93  15:23  Phoenix (Chrono Boost)  
  91  15:45  Void Ray (Chrono Boost)  
  95  16:03  Assimilator  
  95  16:11  Stalker x3  
  99  16:12  Stalker x2  
  99  16:14  Stalker  
  101  16:22  Void Ray (Chrono Boost)  
  77  16:35  Stalker x2  
  77  16:36  Stalker x2  
  77  16:37  Stalker  
  69  16:59  Void Ray (Chrono Boost)  
  57  17:36  Void Ray (Chrono Boost)  
  59  17:59  Stalker  
  61  18:14  Void Ray (Chrono Boost)  
  65  18:24  Stalker  
  67  18:42  Stalker x2  
  71  18:51  Void Ray (Chrono Boost)  
  75  18:56  Stalker  
  49  19:39  Stalker  
  49  19:40  Stalker x3  
  49  19:41  Stalker  
  59  20:18  Stalker, Nexus  
  61  20:25  Assimilator  
  61  20:28  Probe  
  63  20:31  Assimilator  
  62  20:38  Probe  
  63  20:47  Stalker  
  65  21:26  Pylon  
  65  21:27  Stalker  
  65  21:28  Stalker  
  65  21:29  Stalker  
  65  21:31  Probe  
  72  21:42  Probe  
  73  21:47  Gateway  
  72  21:54  Stalker  
Show
View Real Time Build Order
Export as new Build Order

A.I. 1 (Medium) Protoss - Winner!

Build Orders:  

Get SALT Encoding   

  12  0:01  Probe (Chrono Boost)  
  13  0:11  Probe (Chrono Boost)  
  14  0:20  Pylon  
  14  0:22  Probe (Chrono Boost)  
  15  0:38  Probe (Chrono Boost)  
  16  0:47  Assimilator  
  16  0:48  Probe (Chrono Boost)  
  17  0:51  Gateway  
  17  0:59  Probe (Chrono Boost)  
  17  1:00  Pylon  
  18  1:29  Gateway  
  18  1:32  Assimilator  
  18  1:42  Zealot, Cybernetics Core  
  20  2:03  Pylon  
  20  2:09  Zealot  
  20  2:13  Warp Gate  
  22  2:22  Adept  
  24  2:35  Adept  
  26  2:48  Adept  
  28  2:54  Probe (Chrono Boost)  
  28  2:55  Pylon  
  29  3:01  Stalker  
  32  3:05  Probe (Chrono Boost)  
  32  3:14  Adept  
  32  3:17  Probe (Chrono Boost)  
  35  3:23  Forge  
  35  3:29  Probe (Chrono Boost)  
  35  3:30  Adept  
  38  3:40  Probe (Chrono Boost)  
  39  3:52  Probe (Chrono Boost)  
  40  5:22  Stalker  
  40  5:23  Probe (Chrono Boost)  
  40  5:24  Photon Cannon  
  40  5:26  Pylon  
  43  5:29  Photon Cannon  
  43  5:32  Robotics Facility, Nexus  
  43  5:35  Sentry  
  43  5:36  Stargate  
  43  5:39  Gateway, Twilight Council  
  45  5:45  Probe (Chrono Boost)  
  45  5:49  Stalker  
  48  5:51  Pylon  
  48  6:02  Stalker  
  48  6:16  Stalker  
  50  6:20  Observer  
  50  6:22  Forge  
  47  6:30  Sentry  
  39  6:40  Observer  
  39  6:43  Stalker  
  39  6:47  Probe (Chrono Boost)  
  43  6:48  Probe (Chrono Boost)  
  44  6:57  Probe (Chrono Boost), Zealot  
  44  7:00  Probe (Chrono Boost)  
  48  7:07  Pylon  
  49  7:09  Probe (Chrono Boost)  
  49  7:11  Probe (Chrono Boost), Zealot  
  52  7:18  Pylon  
  52  7:20  Probe (Chrono Boost)  
  54  7:23  Probe (Chrono Boost)  
  54  7:24  Adept  
  56  7:32  Probe (Chrono Boost)  
  56  7:35  Probe (Chrono Boost)  
  58  7:38  Adept, Photon Cannon  
  61  7:44  Probe (Chrono Boost)  
  61  7:45  Photon Cannon  
  61  7:46  Probe (Chrono Boost)  
  62  7:55  Probe (Chrono Boost)  
  62  7:57  Probe (Chrono Boost)  
  64  8:05  Probe (Chrono Boost)  
  65  8:07  Probe (Chrono Boost)  
  66  8:16  Probe (Chrono Boost)  
  67  8:32  Assimilator  
  67  8:39  Assimilator  
  67  8:52  Observer  
  67  8:55  Probe (Chrono Boost)  
  68  8:58  Probe (Chrono Boost)  
  69  9:06  Probe (Chrono Boost)  
  69  9:09  Probe (Chrono Boost)  
  72  9:17  Probe (Chrono Boost)  
  72  9:53  Protoss Ground Weapons Level 1  
  72  9:57  Protoss Ground Armor Level 1  
  72  9:58  Warp Prism  
  72  10:01  Stalker  
  72  10:06  Gateway  
  76  10:11  Robotics Facility  
  76  10:16  Nexus, Stargate  
  76  10:21  Fleet Beacon  
  76  10:23  Pylon  
  76  10:28  Templar Archives  
  76  10:32  Warp Prism  
  76  10:34  Robotics Bay  
  76  10:35  Dark Shrine  
  78  10:47  Pylon  
  78  10:48  Stalker  
  70  10:57  Observer  
  70  11:00  Stalker  
  65  11:12  Zealot  
  65  11:16  Observer Gravitic Boosters  
  63  11:24  Stalker  
  65  11:31  Probe (Chrono Boost)  
  67  11:33  Probe (Chrono Boost)  
  67  11:36  Probe (Chrono Boost), Stalker  
  70  11:41  Probe (Chrono Boost)  
  70  11:42  Assimilator  
  70  11:45  Probe (Chrono Boost)  
  73  11:47  Pylon x2, Probe (Chrono Boost)  
  73  11:48  Sentry, Assimilator  
  75  12:01  Stalker  
  77  12:06  Colossus  
  77  12:07  Gravitic Drive  
  77  12:08  Photon Cannon  
  77  12:10  Photon Cannon  
  77  12:13  Carrier  
  89  14:01  Protoss Ground Armor Level 2, Protoss Ground Weapons Level 2  
  89  14:04  Blink, Protoss Air Weapons Level 1  
  89  14:08  Zealot  
  91  14:14  Sentry  
  93  14:19  Sentry  
  93  14:23  Void Ray  
  99  14:31  Nexus, Zealot  
  99  14:37  Zealot  
  103  14:42  Stalker  
  105  14:48  Stalker  
  107  14:54  Sentry  
  107  15:00  Sentry  
  107  15:06  Sentry  
  109  15:09  Void Ray  
  113  15:17  Stalker  
  115  15:23  Stalker  
  97  15:29  Stalker  
  97  15:33  Observer  
  97  15:34  Stalker  
  97  15:40  Sentry  
  99  15:46  Zealot  
  101  15:52  Stalker, Protoss Air Armor Level 1  
  103  15:57  Stalker  
  103  15:58  Assimilator  
  103  16:00  Pylon  
  103  16:02  Pylon  
  105  16:05  Assimilator  
  105  16:09  Protoss Ground Weapons Level 3  
  105  16:12  Protoss Shields Level 1  
  105  16:13  Stalker  
  105  16:15  Probe (Chrono Boost)  
  105  16:18  Probe (Chrono Boost)  
  99  16:19  Stalker, Photon Cannon  
  99  16:20  Void Ray  
  99  16:22  Photon Cannon  
  89  16:26  Photon Cannon  
  89  16:29  Void Ray  
  85  16:36  Stalker  
  83  16:42  Zealot  
  85  16:48  Stalker  
  85  16:52  Nexus  
  85  16:54  Zealot  
  85  16:59  Sentry  
  81  17:05  Zealot  
  79  17:11  Zealot  
  81  17:16  Sentry  
  81  17:22  Stalker  
  77  17:28  Sentry  
  71  17:34  Stalker  
  72  17:40  Stalker  
  74  17:46  Stalker  
  76  17:51  Stalker  
  76  17:55  Protoss Ground Armor Level 3  
  76  17:57  Sentry  
  80  18:02  Sentry  
  82  18:07  Sentry  
  82  18:10  Void Ray  
  82  18:11  Observer  
  85  18:17  Zealot  
  91  18:21  Immortal  
  91  18:25  Protoss Air Weapons Level 2  
  95  18:28  Adept  
  95  18:30  Protoss Shields Level 2  
  95  18:32  Immortal  
  101  18:38  Stalker  
  103  18:43  Zealot  
  103  18:48  Zealot  
  107  19:06  Probe (Chrono Boost)  
  107  19:09  Probe (Chrono Boost)  
  99  19:13  Probe (Chrono Boost)  
  99  19:15  Probe (Chrono Boost), Stalker  
  92  19:18  Probe (Chrono Boost)  
  92  19:20  Stalker  
  92  19:21  Probe (Chrono Boost)  
  82  19:25  Stalker  
  82  19:28  Probe x2 (Chrono Boost)  
  82  19:30  Sentry  
  82  19:31  Probe (Chrono Boost)  
  85  19:34  Probe (Chrono Boost)  
  86  19:38  Sentry  
  86  19:39  Probe (Chrono Boost)  
  86  19:40  Probe (Chrono Boost)  
  86  19:43  Probe (Chrono Boost), Stalker  
  94  19:46  Probe (Chrono Boost)  
  94  19:48  Stalker  
  94  19:49  Probe (Chrono Boost)  
  98  19:53  Probe (Chrono Boost)  
  98  19:56  Probe (Chrono Boost)  
  98  19:58  Probe (Chrono Boost)  
  100  20:00  Probe (Chrono Boost)  
  101  20:24  Nexus  
  101  21:15  Adept  
  103  21:20  Phoenix  
  105  21:31  Adept  
  107  21:39  Adept  
  109  21:43  Assimilator  
  109  21:45  Pylon  
  109  21:47  Adept  
  109  21:48  Pylon  
  109  21:51  Assimilator  
  111  21:55  Phoenix  
  119  22:10  Photon Cannon  
  119  22:12  Photon Cannon  
  125  22:19  Dark Templar  
Tags
 
Matchup
PvP
Replay Pack
RP
Spawn Locations
Cross Positions
Add a new tag
Caveats
  • Supply blocks, unpowered buildings, or Contaminate may cause inaccurate times.
  • Supply counts are checked every 10 seconds.